 Dungeon Crawl Stone Soup version 0.32-a0-932-g546787307d (console) character file.

Game seed: 12460651788910350344

336756 Lightli the Toxicologist (level 20, -19/182 (184) HPs)
             Began as a Demigod Alchemist on Apr 21, 2024.
             Killed from afar by an ancient champion (50 damage)
             ... with an iron shot
             ... on level 2 of the Vaults.
             The game lasted 01:39:09 (55346 turns).

Lightli the Toxicologist (Demigod Alchemist)       Turns: 55346, Time: 01:39:09

HP:   -19/182 (184) AC: 17    Str: 19    XL:     20   Next: 15%
MP:   6/41          EV: 18    Int: 48    God:
Gold: 3684          SH:  0    Dex: 16    Spells: 2/43 levels left

rFire   + . .        a - staff "Yxiariga" {*Slow rC+ Str+3 Hexes Ice}
rCold   + . .        (no shield)
rNeg    . . .        F - +4 robe of Augmentation {Str+4 Int+4 Dex+4}
rPois   +            p - +1 helmet "Leoklef" {+Blink Str+3}
rElec   +            J - +0 cloak of Duty {Harm rF+ Int+3}
rCorr   .            u - +2 pair of gloves
SInv    .            c - +2 pair of boots
Will    ++...        V - amulet of magic regeneration
Stlth   ++           f - ring of wizardry
HPRegen 0.50/turn    q - ring "Deseul" {rElec rPois}
MPRegen 0.67/turn

%: slow self (1%), harm (+30% outgoing, +20% incoming), wizardry (x1)
@: very slightly contaminated, slowed, studying 3 skills, lightly drained, very
slow
A: high MP 1, forlorn, divine attributes, iridescent scales 1, clumsy 1, robust
1
}: 2/15 runes: barnacled, silver
a: Evoke Blink


You were on level 2 of the Vaults.
You visited 7 branches of the dungeon, and saw 35 of its levels.
You visited 1 bazaar.
You also visited: Gauntlet and Ice Cave.

You collected 5938 gold pieces.
You spent 2254 gold pieces at shops.

Inventory:

Hand Weapons
 y - a +9 vampiric demon whip
Armour
 c - a +2 pair of boots (worn)
 p - the +1 helmet "Leoklef" (worn) {+Blink Str+3}
   (You found it on level 3 of the Elven Halls)

   Str+3:     It affects your strength (+3).
   +Blink:    It lets you blink.
 u - a +2 pair of gloves (worn)
 F - the +4 robe of Augmentation (worn) {Str+4 Int+4 Dex+4}
   (You took it off a deep elf elementalist on level 3 of the Elven Halls)

   Str+4:     It affects your strength (+4).
   Int+4:     It affects your intelligence (+4).
   Dex+4:     It affects your dexterity (+4).
 J - the +0 cloak of Duty (worn) {Harm rF+ Int+3}
   (You found it in a Gauntlet)

   Int+3:     It affects your intelligence (+3).
   rF+:       It protects you from fire.
   Harm:      It increases damage dealt and taken.
Magical Staves
 a - the staff "Yxiariga" (weapon) {*Slow rC+ Str+3 Hexes Ice}
   (You took it off a minotaur in a Gauntlet)

   [staff of cold]

   Base accuracy: +5 Base damage: 5 Base attack delay: 1.2 This weapon's minimum
   attack delay (0.6) is reached at skill level 12.
   Str+3:     It affects your strength (+3).
   rC+:       It protects you from cold.
   *Slow:     It may slow you when you take damage.
   Hexes:     It increases the power of your Hexes spells.
   Ice:       It increases the power of your Ice spells.
   It falls into the 'Staves' category.
   It is a one-handed weapon.
 b - a staff of earth
 m - a staff of alchemy
 x - a staff of fire
 W - a staff of air
 Z - a staff of conjuration
Jewellery
 f - a ring of wizardry (left hand)
 q - the ring "Deseul" (right hand) {rElec rPois}
   (You bought it in a shop on level 2 of the Orcish Mines)

   [ring of poison resistance]

   rElec:     It insulates you from electricity.
   rPois:     It protects you from poison.
 v - the amulet of Arrival {Acrobat rC++ Will+ Int+3 Stlth-}
   (You acquired it on level 3 of the Lair of Beasts)

   [amulet of the acrobat]

   Acrobat:   It increases your evasion while moving and waiting.
   Int+3:     It affects your intelligence (+3).
   rC++:      It greatly protects you from cold.
   Will+:     It increases your willpower.
   Stlth-:    It makes you less stealthy.
 E - a ring of resist corrosion
 P - the ring "Eleoc" {Will+ Int+3 Slay+2 Stlth-}
   (You found it on level 5 of the Vaults)

   [ring of willpower]

   Int+3:     It affects your intelligence (+3).
   Slay+2:    It affects your accuracy & damage with ranged weapons and melee
   (+2).
   Will+:     It increases your willpower.
   Stlth-:    It makes you less stealthy.
 T - a ring of protection from fire
 V - an amulet of magic regeneration (around neck)
 Y - a ring of protection from cold
Wands
 l - a wand of mindburst (41)
 C - a wand of warping (45)
 D - a wand of polymorph (15)
 G - a wand of digging (9)
 M - a wand of charming (35)
 Q - a wand of acid (25)
Scrolls
 e - 14 scrolls of teleportation
 i - a scroll of blinking
 n - a scroll of summoning
 o - 8 scrolls of immolation
 r - 3 scrolls of fog
 w - 9 scrolls of revelation
 N - a scroll of fear
 R - 4 scrolls of amnesia
 U - 4 scrolls of enchant armour
Potions
 g - 8 potions of mutation
 h - 5 potions of enlightenment
 k - 7 potions of lignification
 s - 8 potions of heal wounds
 t - 10 potions of curing
 z - 4 potions of brilliance
 A - 4 potions of might
 B - 5 potions of haste
 I - 4 potions of resistance
 K - a potion of cancellation
 L - 8 potions of attraction
 S - a potion of magic
Miscellaneous
 d - a lightning rod (4/4)
 j - a tin of tremorstones (2/2)
 H - a phantom mirror
 O - a box of beasts
 X - a Gell's gravitambourine (2/2)


   Skills:
 - Level 12.0 Fighting
 - Level 12.0 Dodging
 - Level 1.9 Stealth
 + Level 5.3 Shields
 - Level 12.0 Spellcasting
 - Level 12.0 Conjurations
 - Level 12.0 Hexes
 - Level 10.3 Summonings
 - Level 2.6 Fire Magic
 - Level 12.0 Ice Magic
 - Level 12.0 Earth Magic
 - Level 12.3 Alchemy
 - Level 9.9 Evocations


You had 2 spell levels left.
You knew the following spells:

 Your Spells              Type           Power      Damage    Failure   Level
a - Ozocubu's Refrigerat  Ice            60%        4d20      1%          7
b - Olgreb's Toxic Radia  Alch           98%        N/A       1%          4
c - Bombard               Conj/Erth      48%        9d8       1%          6
d - Discord               Hex            60%        N/A       16%         8
f - Iskenderun's Mystic   Conj/Tloc      72%        2d15      (+2d81%     4
g - Eringya's Noxious Bo  Alch           49%        4d6       1%          6
h - Summon Cactus Giant   Summ           45%        N/A       1%          6

Your spell library contained the following spells:

 Spells                   Type           Power      Damage    Failure   Level
 Sting                    Conj/Alch      100%       1d9       0%          1
 Summon Small Mammal      Summ           100%       N/A       0%          1
 Ensorcelled Hibernation  Hex/Ice        100%       N/A       0%          2
 Jinxbite                 Hex            100%       N/A       0%          2
 Apportation              Tloc           56%        N/A       1%          1
 Necrotise                Necr           100%       1d9       1%          1
 Lesser Beckoning         Tloc           56%        N/A       1%          2
 Mercury Vapours          Alch/Air       100%       N/A       1%          2
 Scorch                   Fire           100%       2d9       1%          2
 Dazzling Flash           Conj/Hex       100%       N/A       0%          3
 Passwall                 Erth           97%        N/A       0%          3
 Tukima's Dance           Hex            100%       N/A       0%          3
 Maxwell's Portable Pile  Tloc           28%        2d(8-22)  1%          3
 Mephitic Cloud           Conj/Alch/Air  82%        N/A       1%          3
 Teleport Other           Tloc           28%        N/A       1%          3
 Vampiric Draining        Necr           28%        2d8       1%          3
 Volatile Blastmotes      Fire/Tloc      82%        2d16      1%          3
 Anguish                  Hex/Necr       46%        N/A       1%          4
 Cause Fear               Hex            60%        N/A       1%          4
 Dimensional Bullseye     Hex/Tloc       46%        N/A       1%          4
 Flame Wave               Conj/Fire      78%        2d17      1%          4
 Leda's Liquefaction      Alch/Erth      49%        N/A       1%          4
 Martyr's Knell           Necr/Summ      67%        N/A       1%          4
 Petrify                  Alch/Erth      98%        N/A       1%          4
 Sticky Flame             Fire/Alch      79%        2d12      1%          4
 Alistair's Intoxication  Alch           65%        N/A       1%          5
 Borgnjor's Vile Clutch   Necr/Erth      36%        N/A       1%          5
 Fireball                 Conj/Fire      39%        3d16      1%          5
 Freezing Cloud           Conj/Ice/Air   51%        6-21      1%          5
 Metabolic Englaciation   Hex/Ice        72%        N/A       1%          5
 Silence                  Hex/Air        46%        N/A       1%          5
 Yara's Violent Unravell  Hex/Alch       60%        3d23      1%          5
 Enfeeble                 Hex            60%        N/A       1%          7
 Passage of Golubria      Tloc           28%        N/A       3%          4
 Vhi's Electric Charge    Tloc/Air       56%        N/A       3%          4
 Curse of Agony           Necr           28%        N/A       9%          5
 Haunt                    Necr/Summ      33%        N/A       32%         7
 Dragon's Call            Summ           45%        N/A       99%         9


Dungeon Overview and Level Annotations

Branches:
Dungeon (15/15)            Temple (0/1) D:5            Lair (5/5) D:11
 Shoals (4/4) Lair:2       Spider (0/4) Lair:3        Slime (0/5) Lair:4
    Orc (2/2) D:9             Elf (3/3) Orc:2        Vaults (5/5) D:14
  Crypt (1/3) Vaults:2     Depths (0/4) D:15          IceCv (visited)
Gauntlet (visited)

Shops:
D:2 ?   D:11 !   Orc:2 =**?[*[   Shoals:3 ?

Annotations:
Vaults:1 1 runed translucent door, Vatovie's ghost, veteran MiFi


Innate Abilities, Weirdness & Mutations

You have an increased reservoir of magic. (+10% MP)
You shall have no god before yourself.
Your divine heritage dramatically boosts your attributes as you level up.
You are partially covered in iridescent scales. (AC +2)
You are clumsy. (Dex -2)
You are robust. (+10% HP)


Message History

The ancient champion barely misses you.
Unknown command.
Casting: Olgreb's Toxic Radiance (safe; 1% risk of failure)
Confirm with . or Enter, or press ? or * to list all spells.
Aiming: Bombard (mildly dangerous; 1% risk of failure)
Press: ? - help, Shift-Dir - straight line, f - ancient champion
Aim: an ancient champion, wielding a +3 battleaxe of draining and wearing a +0 chain mail (moderately damaged, fast, 84% to hit)
The iron shot hits the ancient champion!!
The ancient champion is severely damaged.
The blast sends you backwards.
Splash!
Your toxic aura wanes.
The ancient champion festers in the toxic bog.
Casting: Bombard (mildly dangerous; 1% risk of failure)
Confirm with . or Enter, or press ? or * to list all spells.
Aiming: Bombard (mildly dangerous; 1% risk of failure)
Press: ? - help, Shift-Dir - straight line, f/p - ancient champion
Aim: an ancient champion, wielding a +3 battleaxe of draining and wearing a +0 chain mail (severely damaged, fast, 84% to hit)
The iron shot hits the ancient champion!
The ancient champion is almost destroyed.
The blast sends you backwards.
Splash!
Your noxious spew wanes.
The ancient champion points at you and mumbles some strange words.
The iron shot hits you!!
The ancient champion points at you and mumbles some strange words.
The iron shot hits you!!
Casting: Bombard (mildly dangerous; 1% risk of failure)
Confirm with . or Enter, or press ? or * to list all spells.
Aiming: Bombard (mildly dangerous; 1% risk of failure)
Press: ? - help, Shift-Dir - straight line, f/p - ancient champion
Aim: an ancient champion, wielding a +3 battleaxe of draining and wearing a +0 chain mail (almost destroyed, fast, 84% to hit)
The iron shot misses the ancient champion.
The blast sends you backwards.
The ancient champion points at you and mumbles some strange words.
The iron shot hits you!!
* * * LOW HITPOINT WARNING * * *
The ancient champion gestures at you while chanting.
The iron shot hits you!!!
You die...

#.......# #...#. #.......#
##..#. ####''########
#...#. #...........#
##..#. #.ß.#####.ß.#
#?).#. #...#...#...#
##..[[ #.###._.###.#
#...#.
#.#.......#.##########..#.
#.'...>z.@#.#......##[..#.
#.#.......#.#......######.
#.###._.###.#......# ###'
#...#...#...'.....(# #...
#.ß.#####.ß.#......# #...
#...........#......# #...
###'##########......# #...
#....#..#....'......# #^..
#....#..#....#......# #...


You could see an ancient champion (fast).

Vanquished Creatures
  2 dread liches
  An ancient lich (Vaults:5)
  A lich (Vaults:5)
  4 titans (Vaults:5)
  A quicksilver dragon (Vaults:5)
  2 deep elf blademasters (Elf:3)
  4 sphinxes
  4 deep elf master archers (Elf:3)
  Gastronok (Lair:1)
  6 tengu reavers
  An azure jelly (Elf:3)
  4 shadow dragons
  4 fire giants (Vaults:5)
  Donald (Vaults:3)
  4 deep elf sorcerers
  A frost giant (Vaults:5)
  25 vault wardens
  3 deep elf elementalists
  5 orc warlords
  15 ironbound preservers
  3 stone giants (Vaults:5)
  5 very ugly things
  A formless jellyfish (Vaults:2)
  7 ironbound thunderhulks
  3 deep elf demonologists (Elf:3)
  Nessos (D:13)
  7 deep elf death magi
  A minotaur (Gauntlet)
  9 deep elf annihilators
  7 dire elephants (Vaults:1)
  A crystal guardian (Vaults:1)
  9 merfolk impalers
  2 entropy weavers
  5 merfolk javelineers
  An entropy weaver (shapeshifter) (D:15)
  Fannar (Lair:3)
  9 ettins
  6 great orbs of eyes
  2 caustic shrike simulacra (IceCv)
  6 hydras
  A peacekeeper (Vaults:1)
  6 deep elf high priests
  11 yaktaur captains
  27 vault guards
  Erolcha (D:11)
  An ogre mage (Vaults:4)
  6 centaur warriors
  A merfolk avatar (Shoals:1)
  4 dancing weapons
  3 two-headed ogres
  5 ironbound frosthearts
  4 death yaks (Lair:2)
  6 merfolk aquamancers
  3 alligator snapping turtles
  4 boulder beetles
  3 satyrs
  A deep troll earth mage (D:15)
  A shock serpent (shapeshifter) (Vaults:5)
  2 orc high priests (Orc:2)
  Nergalle (D:11)
  A fire crab (Gauntlet)
  A hell knight (Vaults:5)
  5 skysharks
  5 deep elf knights
  A shadow wraith (Vaults:4)
  2 flayed ghosts (Vaults:5)
  An orb spider (shapeshifter) (Vaults:5)
  18 sea snakes
  9 deep elf archers
  27 deep trolls
  5 arcanists
  9 lindwurms
  7 orc knights
  3 necromancers
  2 thermic dynamos (Elf:1)
  15 harpies
  A tengu skeleton (Vaults:2)
  4 orc sorcerers
  3 phantasmal warriors (Vaults:5)
  11 deep elf pyromancers
  14 deep elf zephyrmancers
  16 ironbound convokers
  14 manticores
  10 ugly things
  A salamander (shapeshifter) (Vaults:5)
  A shining eye (Gauntlet)
  2 fauns (Shoals:1)
  9 cyclopes
  4 meliai
  18 vault sentinels
  3 black mambas
  A black mamba (shapeshifter) (Vaults:4)
  10 elephants
  9 merfolk sirens
  6 water nymphs
  10 cane toads
  3 kobold demonologists
  2 minotaur zombies (Gauntlet)
  12 komodo dragons
  An unseen horror (D:11)
  7 rime drakes
  2 freezing wraiths
  2 human skeletons (Vaults:2)
  An anaconda simulacrum (IceCv)
  40 yaktaurs
  32 merfolk
  10 polar bears
  4 wind drakes (Shoals:4)
  3 trolls
  A tyrant leech (Gauntlet)
  An alligator simulacrum (IceCv)
  6 hornets (Lair:5)
  7 dream sheep
  Grinder (D:3)
  6 blink frogs
  A snapping turtle (shapeshifter) (Vaults:5)
  7 snapping turtles
  33 slime creatures
  15 spriggans (Lair:5)
  3 shadows
  3 air elementals (Elf:1)
  A vampire (D:11)
  17 water elementals
  10 wyverns
  A human (D:7)
  52 yaks
  A steam dragon (Lair:2)
  2 fire bats (Gauntlet)
  A golden eye (Gauntlet)
  3 hogs (D:7)
  A redback (Vaults:3)
  A warg (D:9)
  4 vampire mosquitoes (D:10)
  A redback simulacrum (D:14)
  5 basilisks
  2 swamp worms (Gauntlet)
  An acid dragon (D:13)
  2 harpy simulacra (IceCv)
  Duvessa (D:5)
  20 water moccasins
  16 orc warriors
  6 black bears
  An ice beast (D:7)
  An ettin simulacrum (IceCv)
  A sky beast (D:4)
  2 laughing skulls (D:13)
  9 ogres
  4 boggarts (Lair:5)
  30 wolves
  A centaur (D:7)
  A kobold brigand (D:7)
  2 phantoms (D:6)
  16 bullfrogs
  5 scorpions
  A gnoll sergeant (D:9)
  Dowan (D:5)
  3 wights (D:8)
  20 killer bees
  11 howler monkeys
  4 bombardier beetles
  3 jellies
  3 hounds
  A gnoll bouda (D:4)
  23 orc priests
  4 iguanas
  A sleepcap (D:6)
  Ijyb (D:2)
  Terence (D:3)
  25 orc wizards
  A wolf simulacrum (D:9)
  Robin (D:4)
  11 gnolls
  2 adders
  2 river rats
  A shadow imp (D:7)
  A white imp (D:5)
  A dart slug (D:1)
  2 ribbon worms
  49 orcs
  14 ball pythons
  5 endoplasms
  14 giant cockroaches
  11 hobgoblins
  3 jackals (D:4)
  7 quokkas
  5 bats
  4 frilled lizards
  17 goblins
  20 kobolds
  8 rats
  2 river rat simulacra (D:9)
1231 creatures vanquished.

Vanquished Creatures (collateral kills)
  Rupert (D:14)
  A vault warden (Vaults:4)
  An ironbound preserver (Vaults:4)
  3 hydras
  10 dancing weapons
  A tengu warrior (D:15)
  13 skeletal warriors
  2 thermic dynamos (Elf:3)
  A manticore (D:15)
  8 ugly things
  2 gargoyles
  A cane toad (Lair:2)
  A freezing wraith (Elf:3)
  A troll (D:13)
  A slime creature (Vaults:4)
  6 yaks (D:12)
  A shadow (D:12)
  A dire elephant simulacrum (IceCv)
  4 wraiths
  5 vampire mosquitoes (D:12)
  2 earth elementals (Elf:3)
66 creatures vanquished.

Vanquished Creatures (others)
  A merfolk aquamancer (Shoals:4)
  A water elemental (Shoals:4)
2 creatures vanquished.

Grand Total: 1299 creatures vanquished

Notes
Turn   | Place    | Note
-------+----------+-------------------------------------------
     0 | D:1      | Lightli the Demigod Alchemist began the quest for the Orb.
     0 | D:1      | Reached XP level 1. HP: 14/14 MP: 5/5
    61 | D:1      | Reached skill level 1 in Conjurations
   239 | D:1      | Reached XP level 2. HP: 20/20 MP: 1/7
   728 | D:1      | Reached XP level 3. HP: 26/26 MP: 6/8
  1322 | D:2      | Found Befef's Magic Scroll Boutique.
  1348 | D:2      | Bought a scroll of blinking for 90 gold pieces
  1753 | D:3      | Noticed Ijyb
  1753 | D:3      | Noticed Terence
  1773 | D:3      | Learned a level 2 spell: Mercury Vapours
  1789 | D:2      | Killed Ijyb
  1790 | D:2      | Reached XP level 4. HP: 25/33 MP: 1/9
  1966 | D:3      | Noticed Grinder
  2176 | D:3      | Killed Terence
  2381 | D:3      | Reached skill level 5 in Alchemy
  2604 | D:3      | Killed Grinder
  2605 | D:3      | Reached XP level 5. HP: 29/38 MP: 0/11
  2605 | D:3      | Reached XP level 6. HP: 34/45 MP: 0/13
  2610 | D:3      | Learned a level 4 spell: Olgreb's Toxic Radiance
  3425 | D:4      | Identified the +0 helmet of Uthro Guill {rC+ Str+2 Dex-5
                  | Stlth+}
  3425 | D:4      | Noticed Robin
  3430 | D:4      | Killed Robin
  3817 | D:4      | Reached XP level 7. HP: 12/50 MP: 6/17
  4113 | D:4      | Reached skill level 5 in Spellcasting
  4925 | D:5      | Entered Level 5 of the Dungeon
  4940 | D:5      | Noticed Duvessa
  4957 | D:5      | Killed Duvessa
  4957 | D:5      | Noticed Dowan
  4958 | D:5      | Reached skill level 1 in Fighting
  5060 | D:5      | Killed Dowan
  5166 | D:5      | Learned a level 4 spell: Sticky Flame
  5417 | D:5      | Got the Handbook of Doom
  5547 | D:5      | Reached XP level 8. HP: 28/64 MP: 11/20
  5689 | D:5      | Found a staircase to the Ecumenical Temple.
  6272 | D:6      | Reached skill level 5 in Fighting
  7462 | D:7      | Reached XP level 9. HP: 58/75 MP: 8/21
  7463 | D:7      | Reached skill level 5 in Dodging
  8923 | D:8      | Identified the +2 leather armour of Honour {+Inv Str+3
                  | Int-4 Dex+3}
  9752 | D:9      | Reached XP level 10. HP: 83/83 MP: 14/22
 10041 | D:9      | Noticed a sixfirhy
 10043 | D:9      | Reached skill level 10 in Alchemy
 10169 | D:9      | Found a staircase to the Orcish Mines.
 10544 | D:9      | Noticed a necromancer
 10556 | D:9      | Killed a necromancer
 10557 | D:9      | Reached skill level 5 in Conjurations
 10737 | D:10     | Entered Level 10 of the Dungeon
 11516 | D:10     | Reached XP level 11. HP: 83/94 MP: 0/24
 11957 | D:11     | Learned a level 3 spell: Mephitic Cloud
 11962 | D:11     | Learned a level 4 spell: Iskenderun's Mystic Blast
 11972 | D:11     | Found Koemnutoge's Distillery.
 11972 | D:11     | Noticed Erolcha
 11981 | D:11     | Killed Erolcha
 11987 | D:11     | Bought a potion of invisibility for 128 gold pieces
 11987 | D:11     | Bought a potion of mutation for 128 gold pieces
 11987 | D:11     | Bought a potion of resistance for 160 gold pieces
 12033 | D:11     | Found a gate leading to a gauntlet.
 12074 | Gauntlet | Entered a Gauntlet
 12074 | Gauntlet | Found a transporter.
 12074 | Gauntlet | Found a transporter.
 12075 | Gauntlet | Noticed a large abomination
 12090 | Gauntlet | Found a transporter.
 12095 | Gauntlet | Found a runed translucent door.
 12103 | Gauntlet | Found a transporter.
 12103 | Gauntlet | Found a transporter.
 12105 | Gauntlet | Found a transporter.
 12105 | Gauntlet | Found a transporter.
 12106 | Gauntlet | Found a transporter.
 12107 | Gauntlet | Noticed a green death
 12108 | Gauntlet | Noticed a reaper
 12117 | Gauntlet | Found a transporter.
 12133 | Gauntlet | Found a transporter.
 12141 | Gauntlet | Found a runed translucent door.
 12143 | Gauntlet | Found a transporter.
 12145 | Gauntlet | Found a runed translucent door.
 12148 | Gauntlet | Found a transporter.
 12182 | Gauntlet | Found a transporter.
 12182 | Gauntlet | Noticed a fire crab
 12194 | Gauntlet | Found a transporter.
 12226 | Gauntlet | Killed a fire crab
 12228 | Gauntlet | Identified the +0 cloak of Duty {Harm rF+ Int+3}
 12322 | Gauntlet | Gained mutation: You are clumsy. (Dex -2) [a shining eye]
 12324 | Gauntlet | Gained mutation: You have hidden genetic potential. [a
                  | shining eye]
 12550 | Gauntlet | Identified the staff "Yxiariga" {*Slow rC+ Str+3 Hexes Ice}
 12550 | Gauntlet | Noticed a minotaur
 12562 | Gauntlet | Killed a minotaur
 12563 | Gauntlet | Reached skill level 10 in Fighting
 12975 | D:11     | Noticed Nergalle
 12983 | D:11     | Killed Nergalle
 13003 | D:11     | Found a staircase to the Lair.
 13026 | D:11     | Got Fijabafa's Quarto of Hylic Movement
 13658 | D:11     | Noticed a boulder beetle
 13669 | D:11     | Killed a boulder beetle
 13992 | Lair:1   | Entered Level 1 of the Lair of Beasts
 14105 | Orc:1    | Entered Level 1 of the Orcish Mines
 14110 | Orc:2    | Entered Level 2 of the Orcish Mines
 14404 | Orc:2    | Noticed an orc warlord
 14622 | Orc:1    | Killed an orc warlord
 14628 | Orc:2    | Paralysed by an orc sorcerer for 3 turns
 14632 | Orc:2    | Noticed an orc high priest
 14635 | Orc:1    | Reached XP level 12. HP: 76/106 MP: 3/28
 14770 | Orc:1    | Learned a level 6 spell: Eringya's Noxious Bog
 15067 | Orc:2    | Found a staircase to the Elven Halls.
 15088 | Orc:2    | Gained mutation: You are robust. (+10% HP) [hidden
                  | potential]
 15361 | Orc:2    | Found Feassoank's Jewellery Boutique.
 15514 | Orc:2    | Found Yhokh's Antique Armour Boutique.
 15514 | Orc:2    | Found Maorphaic's General Store.
 15515 | Orc:2    | Found Yplio's Magic Scroll Shop.
 15518 | Orc:2    | Found Dehamut's Antique Armour Shop.
 15524 | Orc:2    | Bought a scroll of revelation for 90 gold pieces
 15524 | Orc:2    | Bought a potion of heal wounds for 60 gold pieces
 15832 | Orc:2    | Found Olakkini's Specific Store.
 15836 | Orc:2    | Found Uskoustro's General Store.
 15840 | Orc:2    | Bought a scroll of enchant armour for 112 gold pieces
 16206 | Lair:1   | Noticed Gastronok
 16226 | Lair:1   | Killed Gastronok
 16227 | Lair:1   | Reached skill level 10 in Spellcasting
 17136 | Lair:2   | Found a staircase to the Shoals.
 17141 | Lair:2   | Reached skill level 10 in Dodging
 17628 | Lair:2   | Reached XP level 13. HP: 120/124 MP: 24/31
 18181 | Lair:2   | Reached skill level 1 in Summonings
 18801 | Lair:2   | Learned a level 6 spell: Summon Cactus Giant
 18985 | Lair:2   | Reached skill level 5 in Summonings
 20853 | Lair:3   | Found a hole to the Spider Nest.
 20957 | Lair:3   | Noticed Fannar
 21000 | Lair:3   | Identified 2 scrolls of acquirement
 21001 | Lair:3   | Acquired 625 gold pieces
 21002 | Lair:3   | Acquired the amulet of Arrival {Acrobat rC++ Will+ Int+3
                  | Stlth-}
 21594 | D:2      | Bought a scroll of acquirement for 624 gold pieces
 21594 | D:2      | Acquired 737 gold pieces
 22364 | Lair:3   | Killed Fannar
 22365 | Lair:3   | Reached skill level 1 in Ice Magic
 22766 | Lair:4   | Found a staircase to the Slime Pits.
 23485 | Lair:5   | Entered Level 5 of the Lair of Beasts
 23670 | Lair:5   | Reached XP level 14. HP: 103/133 MP: 28/32
 24089 | Lair:5   | Reached skill level 5 in Ice Magic
 24093 | Lair:5   | Gained mutation: You are partially covered in iridescent
                  | scales. (AC +2) [hidden potential]
 24093 | Lair:5   | Lost mutation: You have hidden genetic potential. [hidden
                  | potential expressed]
 28165 | D:13     | Noticed Nessos
 28174 | D:13     | Killed Nessos
 28175 | D:13     | Reached skill level 10 in Ice Magic
 28670 | D:14     | Found a gate to the Vaults.
 28883 | D:14     | Noticed Rupert
 28904 | D:14     | Killed Rupert
 29319 | D:15     | Entered Level 15 of the Dungeon
 29667 | D:15     | Noticed a tengu reaver
 29681 | D:15     | Killed a tengu reaver
 29688 | D:15     | Reached XP level 15. HP: 92/138 MP: 8/33
 29972 | D:15     | Found a staircase to the Depths.
 30094 | D:15     | Reached skill level 1 in Earth Magic
 31036 | Orc:2    | Bought the ring "Deseul" {rElec rPois} for 510 gold pieces
 31054 | Orc:2    | Learned a level 7 spell: Ozocubu's Refrigeration
 31062 | Elf:1    | Entered Level 1 of the Elven Halls
 31227 | Elf:1    | Reached skill level 5 in Earth Magic
 31982 | Elf:1    | Paralysed by an air elemental for 1 turns
 32143 | Elf:1    | Paralysed by an air elemental for 1 turns
 32765 | Elf:1    | Found a runed translucent door.
 33467 | Elf:3    | Entered Level 3 of the Elven Halls
 33558 | Elf:3    | Found Matweuwu's Vocational Training.
 33714 | Elf:3    | Found a glacial archway.
 33714 | Elf:3    | Noticed an azure jelly
 33733 | Elf:3    | Killed an azure jelly
 33903 | IceCv    | Entered an ice cave
 34037 | IceCv    | Found a transporter.
 34047 | IceCv    | Found a transporter.
 34223 | Elf:3    | Noticed a deep elf master archer
 34223 | Elf:3    | Noticed a deep elf blademaster
 34224 | Elf:3    | Noticed a deep elf master archer
 34227 | Elf:3    | Reached XP level 16. HP: 58/147 MP: 19/36
 34228 | Elf:3    | Killed a deep elf master archer
 34228 | Elf:3    | Killed a deep elf master archer
 34230 | Elf:3    | Killed a deep elf blademaster
 34231 | Elf:3    | Killed a ghostly deep elf master archer
 34232 | Elf:3    | Noticed a deep elf master archer
 34232 | Elf:3    | Noticed a deep elf blademaster
 34820 | Elf:3    | Noticed a deep elf master archer
 34822 | Elf:3    | Killed a deep elf master archer
 34841 | Elf:3    | Killed a deep elf master archer
 35002 | Elf:3    | Killed a deep elf blademaster
 35004 | Elf:3    | Killed a ghostly deep elf blademaster
 35093 | Elf:3    | hi augmentation
 35341 | Elf:3    | Identified the +1 helmet "Leoklef" {+Blink Str+3}
 35360 | Elf:3    | Identified the +0 leather armour of Pride {Will+ rCorr MP+9
                  | Dex-2}
 35412 | Elf:3    | Identified the +7 chain mail "Mova" {rF+}
 36059 | Shoals:1 | Entered Level 1 of the Shoals
 36535 | Shoals:1 | Reached skill level 10 in Earth Magic
 37828 | Shoals:2 | Identified the +9 morningstar "Atuowk" {elec, Int+2}
 39531 | Shoals:3 | Found Dukipt's Magic Scroll Emporium.
 39543 | Shoals:3 | Reached XP level 17. HP: 160/160 MP: 24/38
 39546 | Shoals:3 | Bought a scroll of blinking for 142 gold pieces
 40052 | Shoals:4 | Entered Level 4 of the Shoals
 40495 | Shoals:4 | Identified the ring of Xumyrghu {Fire rPois Str-3 Int+4}
 40770 | Shoals:4 | Got a barnacled rune of Zot
 41188 | Shoals:4 | Reached skill level 10 in Conjurations
 41562 | Shoals:4 | Identified the staff "Qaeshuit" {Dex+3 Conj}
 42224 | Vaults:1 | Entered Level 1 of the Vaults
 42755 | Vaults:1 | Reached skill level 1 in Fire Magic
 43511 | Vaults:1 | Learned a level 6 spell: Bombard
 44408 | Vaults:1 | Found a runed translucent door.
 44410 | Vaults:1 | Noticed Vatovie's ghost (veteran MiFi)
 44504 | Vaults:1 | Reached XP level 18. HP: 169/169 MP: 25/39
 44547 | Vaults:1 | Paralysed by a sphinx for 2 turns
 44928 | Vaults:2 | Reached skill level 1 in Hexes
 45892 | Vaults:2 | Reached skill level 5 in Hexes
 46577 | Vaults:2 | Found a staircase to the Crypt.
 46819 | Vaults:3 | Found a flickering gateway to a bazaar.
 46830 | Bazaar   | Entered a bazaar
 46837 | Bazaar   | Found Yfughezo's Antique Armour Shop.
 46845 | Bazaar   | Bought a pair of runed gloves for 210 gold pieces
 46864 | Bazaar   | Found Behautae's Jewellery Shop.
 46985 | Vaults:3 | Noticed Donald
 46987 | Vaults:3 | Killed Donald
 47118 | Vaults:3 | You fall into a shaft and drop 1 floor!
 47520 | Vaults:4 | HP: 6/169 [yaktaur captain/bolt (45)]
 47520 | Vaults:4 | HP: 2/169 [yaktaur captain/bolt (4)]
 48025 | Vaults:4 | Learned a level 8 spell: Discord
 48345 | Vaults:4 | Reached skill level 10 in Hexes
 49488 | Vaults:5 | Entered Level 5 of the Vaults
 49494 | Vaults:5 | Reached XP level 19. HP: 82/176 MP: 25/40
 49675 | Vaults:5 | Noticed a dread lich
 49786 | Vaults:4 | Killed a dread lich
 50731 | Vaults:3 | Reached skill level 10 in Summonings
 51174 | Vaults:3 | Reached skill level 1 in Evocations
 51913 | Vaults:3 | Reached skill level 5 in Evocations
 52460 | Vaults:5 | Identified the +5 broad axe "Dutse" {protect, Str+2 Stlth+}
 52756 | Vaults:5 | Noticed a dread lich
 52788 | Vaults:5 | Killed a dread lich
 52817 | Vaults:5 | Identified the +6 rapier of the Slime-mould {elec, rF+
                  | Int+2 Dex+5}
 53583 | Vaults:5 | Got a silver rune of Zot
 54263 | Vaults:5 | Reached skill level 1 in Shields
 54283 | Vaults:5 | Reached XP level 20. HP: 171/178 MP: 6/41
 54527 | Vaults:5 | Noticed an ancient lich
 54542 | Vaults:5 | Killed an ancient lich
 54584 | Vaults:5 | Got the Compilation of Entrancing Austromancy
 54650 | Vaults:5 | Identified the ring "Eleoc" {Will+ Int+3 Slay+2 Stlth-}
 54810 | Vaults:5 | Got the Grimoire of Nival Evil Deeds
 54972 | Vaults:5 | Reached skill level 5 in Shields
 55030 | Vaults:5 | Identified the +7 flail "Ultimatum" {freeze, rElec Str+3}
 55337 | Crypt:1  | Entered Level 1 of the Crypt
 55346 | Vaults:2 | Killed from afar by an ancient champion

Illustrated notes

#####.##### ###...).....###
###.............##*
*#.......))).......**
*#..)..####)####....,**
*#.....####.).##.##..,,**
*....####.....))###*#,,,*
**...*,#..)...).)).##*,,,**
*,).,*#..)).).@.....#*,,,,*
**,.,,,..).)..)...)).÷.,,,,**
*,,,,,,.......)).....).,,,,,*
*,,,,,,))..)..#........,,,,,*
*,,,,,,......###.......,,,,,*
*,,,,,,.....#*,*##....e,,,,,*
*,,,,,,...##,,,,,*#....,,,,,*
*,,,,,,,..,,,,,,,,,....,,,,,*
*,,,,,,,,,,,,,⌠,,,,,,,,,,,,,*


Turn 35093 on Elf:3: hi augmentation

Levels and vault maps discovered:
D:1:      minmay_arrival_glassed_features, layout_rooms, grunt_decor_one_mirror
D:2:      layout_rooms, serial_shops, nicolae_shop_waterfront,
          grunt_ministairs_7
D:3:      minmay_roachtagon, layout_loops_cross, grunt_ministairs_5, uniq_ijyb,
          uniq_grinder, uniq_terence
D:4:      layout_layer_cave, glass_columns_a, minmay_box_of_dots, uniq_robin
D:5:      layout_loops_ring, minmay_overflow_temple_star_quad,
          minmay_temple_entry_gardened_gates, uniq_duvessa
D:6:      layout_loops_ring, amcnicky_altar_gilded
D:7:      layout_loops_corners, general_overflow_altar, grunt_livestock,
          solitary_fountain, hangedman_decor_push
D:8:      layout_loops_ring
D:9:      layout_loops_cross, minmay_orc_entry_guard_dogs,
          eino_house_with_fridge
D:10:     layout_rooms, pond
D:11:     wander_river, layout_gridville, grunt_lair_entry_orc_guard_hut,
          gauntlet_entry_generic, serial_shops, nicolae_shop_advertising_works
          [nicolae_subvault_shop_adworks], uniq_erolcha, uniq_nergalle
D:12:     layout_roguey, minmay_misc_feat_five, nicolae_dithmenos_shadow_blocks
D:13:     layout_basic, drop_trap, uniq_nessos
D:14:     layout_roguey, erik_vaults_1, minivault_25, uniq_rupert
D:15:     hellmonk_depths_entry_around_the_bend, layout_loops_cross,
          hangedman_decor_riveting
Lair:1:   layout_chaotic_city, infiniplex_staircase_pool, uniq_gastronok
Lair:2:   nzn_winding_woodlands_huge [nzn_winding_woodlands_5x15_garden,
          nzn_winding_woodlands_5x15_pockets,
          nzn_winding_woodlands_5x15_sidewinder,
          nzn_winding_woodlands_5x15_default, nzn_winding_woodlands_5x15_twine,
          nzn_winding_woodlands_5x15_default,
          nzn_winding_woodlands_5x15_longhouse,
          nzn_winding_woodlands_5x15_parted,
          nzn_winding_woodlands_5x15_concentric,
          nzn_winding_woodlands_5x15_jagged, nzn_winding_woodlands_center_lodge,
          nzn_winding_woodlands_center_garden,
          nzn_winding_woodlands_15x15_boxy_spiral], layout_layer_cave,
          nicolae_shoals_entry_roost
Lair:3:   layout_misc_corridors, hellmonk_spider_entry_not_the_bees, uniq_fannar
Lair:4:   layout_cave_pods, slime_entry_1
Lair:5:   minmay_lair_end_enchanted_forest, layout_long_grid, basic_altar,
          dreamdust_mushroom_princess
Shoals:1: layout_shoals
Shoals:2: layout_shoals, nicolae_shoals_circle_sea_wall
Shoals:3: layout_shoals, serial_shops, nicolae_shop_window_shopping
Shoals:4: shoals_end_simple, layout_shoals,
          nicolae_shoals_lost_giant_amphitheater,
          nicolae_shoals_square_sea_wall, nicolae_shoals_land_atoll
Orc:1:    layout_caves, minmay_shop_enchanted_jewellery
Orc:2:    st_orc_mages, layout_caves, serial_shops, nicolae_diamond_shop,
          nicolae_specific_store
Elf:1:    elf_arrival_002, layout_onion_city, guppyfry_elf_altar,
          nicolae_danse_macabre
Elf:2:    elven_hall_of_blades_hangedman_original
          [infiniplex_blade_entry_pillars], layout_geoelf_diagonals,
          serial_glass, glass_columns_b, glass_columns_c
Elf:3:    minmay_elf_hall_circle, layout_geoelf_diagonals,
          portal_ice_cave_entry_frozen_things, nicolae_shop_vocational
Vaults:1: ebering_ghost_reflecting_pool, vaults_room_door_ring,
          ontoclasm_vaults_loading_screen, nicolae_vaults_security_offices_6,
          nicolae_vaults_big_ls, v_alt_pattern_6,
          nicolae_vaults_mini_display_case, v_misc_18, lightli_orcish_oven,
          nicolae_vaults_little_squares_3, nicolae_vaults_little_squares_1,
          nicolae_vaults_closet_pinwheel_1, v_misc_13,
          nicolae_vaults_little_squares_1, layout_vaults_ring
Vaults:2: v_rooms_2, nicolae_vaults_little_squares_2, v_misc_28,
          nicolae_vaults_more_shelving_2, kb_rosetta,
          nicolae_vaults_ninety_degrees, nicolae_vaults_apartment_1,
          minmay_crypt_entry_necro_gods, nicolae_vaults_tetromino_L_2,
          layout_vaults_omnibox
Vaults:3: vaults_room_fancy_cross, nicolae_vaults_triangles, vaults_room_fours,
          nicolae_vaults_security_offices_2, nicolae_vaults_cornered_office,
          nicolae_vaults_tetromino_Z_2, nicolae_vaults_house_3,
          vaults_dpeg_ring, layout_vaults_chaotic_city, serial_shops,
          bzr_entry_road, uniq_donald
Vaults:4: nicolae_vaults_shelves_hall, vaults_mumra_minichess,
          vaults_mumra_minichess_inversion, nicolae_vaults_house_2,
          vaults_mumra_hexcomb, hangedman_vaults_unwind,
          nicolae_vaults_trapezoid_lopsided_1, nicolae_vaults_ellipses_ellipsis,
          nicolae_vaults_shrinking_rooms_1, nicolae_vaults_double_plus_2,
          vaults_room_hallway, layout_vaults_maze
Vaults:5
Crypt:1:  layout_catacombs, uniq_bai_suzhen, uniq_margery, uniq_frederick

Skill      XL: |  1  2  3  4  5  6  7  8  9 10 11 12 13 14 15 16 17 18 19 20 |
---------------+-------------------------------------------------------------+-----
Conjurations   | 1 6 12 | 12.0
Alchemy        | 3 4 6 9 10 11 12 | 12.3
Spellcasting   | 2 4 6 8 10 11 12 | 12.0
Fighting       | 3 6 7 10 12 | 12.0
Dodging        | 4 6 7 10 12 | 12.0
Summonings     | 8 10 | 10.3
Ice Magic      | 3 11 12 | 12.0
Earth Magic    | 8 10 11 12 | 12.0
Fire Magic     | 2 |  2.6
Hexes          | 11 12 | 12.0
Evocations     | 9 |  9.9
Shields        | 2 5 |  5.3
Stealth        | |  1.9

Action                     |  1- 3 |  4- 6 |  7- 9 | 10-12 | 13-15 | 16-18 | 19-21 || total
---------------------------+-------+-------+-------+-------+-------+-------+-------++-------
  Melee: Unarmed           |    44 |     2 |       |       |       |       |       ||    46
         Staff             |       |       |    33 |    90 |   138 |    97 |     3 ||   361
         Dire flail        |       |       |       |     4 |       |       |       ||     4
   Cast: Sting             |    99 |    63 |   194 |    73 |       |       |       ||   429
         Olgreb's Toxic Ra |       |    11 |    40 |   124 |   151 |       |     3 ||   329
         Sticky Flame      |       |       |    14 |    52 |    78 |     1 |       ||   145
         Mercury Vapours   |       |       |     1 |       |       |       |       ||     1
         Iskenderun's Myst |       |       |       |     4 |    18 |     2 |       ||    24
         Mephitic Cloud    |       |       |       |     4 |       |       |       ||     4
         Eringya's Noxious |       |       |       |    10 |    13 |     5 |     1 ||    29
         Summon Cactus Gia |       |       |       |       |    62 |     4 |       ||    66
         Ozocubu's Refrige |       |       |       |       |    47 |   497 |   170 ||   714
         Bombard           |       |       |       |       |       |    13 |    31 ||    44
         Discord           |       |       |       |       |       |       |     3 ||     3
  Evoke: Wand              |       |     2 |     5 |       |       |     5 |       ||    12
    Use: Scroll            |     1 |       |     5 |     9 |    15 |    20 |     4 ||    54
         Potion            |       |       |       |     3 |     5 |    11 |     1 ||    20
 Armour: Robe              |    42 |    15 |     8 |    23 |   205 |   224 |    57 ||   574
         Leather armour    |       |       |    82 |   170 |    77 |    13 |       ||   342
  Dodge: Dodged            |    54 |    16 |    97 |   196 |   444 |   200 |    29 ||  1036

Table legend: (Time is in decaauts)
 A = Elapsed time spent in this place.
 B = Non-inter-level travel time spent in this place.
 C = Inter-level travel time spent in this place.
 D = Time resting spent in this place.
 E = Time spent auto-exploring this place.
 F = Levels seen in this place.
 G = Mean time per level.
                   A        B        C        D        E       F      G
               +--------+--------+--------+--------+--------+-----+--------+
         Total |  55769 |  51859 |   3910 |   9177 |  35587 |  38 | 1467.6 |
       Dungeon |  19903 |  18150 |   1753 |   1390 |  14393 |  15 | 1326.9 |
          Lair |   9439 |   8726 |    713 |   1262 |   6388 |   5 | 1887.8 |
        Shoals |   6270 |   6051 |    219 |   1255 |   4152 |   4 | 1567.5 |
  Orcish Mines |   2428 |   2352 |     76 |   1304 |    721 |   2 | 1214.0 |
   Elven Halls |   4175 |   3737 |    438 |    929 |   2203 |   3 | 1391.7 |
        Vaults |  12480 |  11771 |    709 |   2490 |   7567 |   5 | 2496.0 |
         Crypt |      4 |      4 |      0 |      0 |      0 |   1 |    4.0 |
        Bazaar |     95 |     95 |      0 |      0 |     37 |   1 |   95.0 |
      Ice Cave |    159 |    159 |      0 |    112 |      0 |   1 |  159.0 |
      Gauntlet |    812 |    812 |      0 |    435 |    125 |   1 |  812.0 |
               +--------+--------+--------+--------+--------+-----+--------+

Top non-repeatable levels by time:
  Lair:2: 4132 daAuts
Vaults:4: 3412 daAuts
Vaults:1: 2703 daAuts
Vaults:5: 2527 daAuts
   Elf:3: 2114 daAuts
  Lair:5: 2099 daAuts
   Elf:1: 2033 daAuts
Vaults:2: 2017 daAuts
    D:13: 1828 daAuts
Vaults:3: 1819 daAuts
Shoals:1: 1794 daAuts
    D:11: 1673 daAuts
Shoals:4: 1664 daAuts
     D:3: 1649 daAuts
     D:7: 1561 daAuts
